 Dungeon Crawl Stone Soup version 0.16.1-4-g8e1b745 (console) character file.

182 gw the Ducker (level 5, -1/30 HPs)
             Began as a Deep Elf Artificer on Mar 27, 2015.
             Was an Initiate of Okawaru.
             Slain by a phantom (2 damage)
             ... on level 5 of the Dungeon.
             The game lasted 00:04:05 (3239 turns).

gw the Ducker (Deep Elf Artificer)                  Turns: 3239, Time: 00:04:05

Health: -1/30      AC:  3    Str:  8    XL:     5   Next: 34%
Magic:  12/12      EV: 13    Int: 17    God:    Okawaru [......]
Gold:   109        SH:  0    Dex: 16    Spells: 0 memorised, 4 levels left

rFire  . . .     SeeInvis .     a - +0 short sword
rCold  . . .     Clarity  .     e - +0 leather armour
rNeg   . . .     SustAb   .     (no shield)
rPois  .         Gourm    .     (no helmet)
rElec  .         Spirit   .     (no cloak)
rCorr  .         Warding  .     (no gloves)
rMut   .         Stasis   .     (no boots)
MR     .....                    (no amulet)
Stlth  ++........               (no ring)
                                (no ring)

@: not resistant to hostile enchantments, unstealthy
A: no striking features
a: Renounce Religion


You were on level 5 of the Dungeon.
You worshipped Okawaru.
Okawaru was noncommittal.
You were hungry.

You visited 1 branch of the dungeon, and saw 5 of its levels.

You collected 109 gold pieces.

Inventory:

Hand weapons
 a - a +0 short sword (weapon)
Missiles
 n - 7 arrows of flame
Armour
 e - a +0 leather armour (worn)
Magical devices
 b - a wand of flame (3)
 c - a wand of enslavement (4)
 d - a wand of random effects (3)
Scrolls
 g - a scroll of teleportation {unknown}
 h - a scroll of blinking {unknown}
 j - 2 scrolls of enchant armour {unknown}
 m - 2 scrolls of identify {unknown}
 p - a scroll of recharging {unknown}
Potions
 k - a potion of restore abilities {unknown}
 l - 2 potions of curing {unknown}
 o - a potion of poison {unknown}
 q - a potion of flight {unknown}
Comestibles
 f - 3 bread rations
 i - 2 beef jerkies


   Skills:
 + Level 1.9 Fighting
 * Level 3.6 Short Blades
 + Level 3.7 Dodging
 - Level 1.2 Stealth
 + Level 1.6 Invocations
 - Level 3.2 Evocations


You had 4 spell levels left.
You didn't know any spells.

Dungeon Overview and Level Annotations

Branches:
Dungeon (5/15)
 Temple: D:4-7

Altars:
Cheibriados
Dithmenos
Fedhas
Kikubaaqudgha
Okawaru
Vehumet


Message History

The phantom easily resists.
This wand has 6 charges left.
The ice beast is no longer charmed.
The ice beast hits you. The ice beast freezes you!
The phantom closely misses you.
Evoke which item? (* to show all) (? for menu, Esc to quit)
Zapping:
c - a wand of enslavement (6)
Press: ? - help, Shift-Dir - straight line, f - ice beast, p - phantom
Aim: an ice beast (almost dead, chance 52%)
The ice beast resists with significant effort.
This wand has 5 charges left.
The ice beast barely misses you. The phantom completely misses you.
Unknown command.
Unknown command.
Unknown command.
Unknown command.
Evoke which item? (* to show all) (? for menu, Esc to quit)
Zapping:
c - a wand of enslavement (5)
Press: ? - help, Shift-Dir - straight line, f/p - ice beast
Aim: an ice beast (almost dead, chance 52%)
The ice beast is charmed.
This wand has 4 charges left.
The phantom hits you.
You die...

.. #. .# .... .#.
##### ).##...#
(.#...####
#Y#......# #e#...#
#.W...####....
##...<....[...
..l........#..>###
..#######.......
##..# # ...# ยค.#
.


You could see a phantom and a friendly ice beast.

Table legend:
 A = Turns spent in this place as a percentage of turns spent in the entire game.
 B = Non-inter-level travel turns spent in this place as a percentage of non-inter-level travel turns spent in the entire game.
 C = Inter-level travel turns spent in this place as a percentage of turns spent in this place.
 D = Turns resting spent in this place as a percentage of non-inter-level travel turns spent in this place.
 E = Turns spent auto-exploring this place as a percentage of non-inter-level travel turns spent in this place.
 F = Non-inter-level travel turns spent in this place divided by the number of levels of this place that you've seen.
                   A       B       C       D       E      F
               +-------+-------+-------+-------+-------+----------------------
         Total | 100.0 | 100.0 |   0.4 |   2.0 |   1.9 | 859.4
       Dungeon | 100.0 | 100.0 |   0.4 |   2.0 |   1.9 | 859.4
               +-------+-------+-------+-------+-------+----------------------

Table legend:
 A = Kills in this place as a percentage of kills in entire the game.
 B = Kills by you in this place as a percentage of kills by you in the entire game.
 C = Kills by friends in this place as a percentage of kills by friends in the entire game.
 D = Other kills in this place as a percentage of other kills in the entire game.
 E = Experience gained in this place as a percentage of experience gained in the entire game.
 F = Experience gained in this place divided by the number of levels of this place that you have seen.
                   A       B       C       D       E      F
               +-------+-------+-------+-------+-------+----------------------
         Total | 100.0 | 100.0 | 100.0 |  -nan | 100.0 |  52.0
       Dungeon | 100.0 | 100.0 | 100.0 |  -nan | 100.0 |  52.0
               +-------+-------+-------+-------+-------+----------------------

Vanquished Creatures
  Ijyb (D:2)
  Terence (D:3)
  2 gnolls (D:3)
  4 adders
  A giant mite (D:2)
  2 giant geckos
  A bat skeleton (D:5)
  3 giant cockroaches
  3 goblins
  7 hobgoblins
  8 bats
  4 giant newts
  3 jackals (D:2)
  6 kobolds
  6 rats
52 creatures vanquished.

Vanquished Creatures (collateral kills)
  A centaur (D:5)
  2 orcs (D:4)
  A hobgoblin (D:5)
  A bat (D:4)
5 creatures vanquished.

Grand Total: 57 creatures vanquished

Notes
Turn   | Place    | Note
--------------------------------------------------------------
     0 | D:1      | gw, the Deep Elf Artificer, began the quest for the Orb.
     0 | D:1      | Reached XP level 1. HP: 11/11 MP: 2/2
   458 | D:1      | Reached skill level 1 in Fighting
   564 | D:1      | Reached XP level 2. HP: 14/16 MP: 5/5
  1232 | D:2      | Found an iron altar of Okawaru.
  1397 | D:2      | Became a worshipper of Warmaster Okawaru
  1403 | D:2      | Reached XP level 3. HP: 20/20 MP: 7/7
  1412 | D:2      | Noticed Ijyb
  1453 | D:2      | Killed Ijyb
  1612 | D:2      | HP: 1/20 [jackal (1)]
  2065 | D:2      | Reached XP level 4. HP: 14/26 MP: 10/10
  2347 | D:3      | Noticed Terence
  2354 | D:3      | Killed Terence
  2354 | D:3      | Reached skill level 1 in Invocations
  2469 | D:3      | Found a radiant altar of Vehumet.
  2833 | D:3      | Found a snail-covered altar of Cheibriados.
  2924 | D:3      | Found an ancient bone altar of Kikubaaqudgha.
  2940 | D:3      | Reached XP level 5. HP: 30/30 MP: 12/12
  3081 | D:4      | Found a blossoming altar of Fedhas.
  3202 | D:5      | Entered Level 5 of the Dungeon
  3202 | D:5      | Found a shadowy altar of Dithmenos.
  3202 | D:5      | Noticed a phantom
  3205 | D:5      | Noticed an ice beast
  3231 | D:5      | Noticed a centaur
  3235 | D:5      | Killed a centaur
  3237 | D:5      | HP: 1/30 [ice beast (9)]
  3239 | D:5      | Slain by a phantom

Action                   |  1- 3 |  4- 6 || total
-------------------------+-------+-------++-------
Melee: Short sword       |   123 |    70 ||   193
Evoke: Wand              |    12 |    23 ||    35
 Stab: Sleeping          |     3 |     2 ||     5
       Confused          |       |     1 ||     1
  Eat: Chunk             |     4 |     3 ||     7

Vault maps used:
D:1:      elethiomel_arrival_infinity_welcomes_careful_drivers,
          serial_bayou_pond_d
D:2:      okawaru_trees_2, kennysheep_generic_room_13, uniq_iyjb
D:3:      cheibriados_altar_wand_db, nemelex_deck, lemuel_doored_altar,
          vehumet_crystals, nicolae_ru_great_annihilating_truth, uniq_terence
D:4:      forest_paths, fedhas_altar_1
D:5:      xom_butterflies, minmay_temple_entry_glassed_door, first_bread,
          grunt_dithmenos_smoke
